AoeStats
← eduardo.mora.glez

Arena

510509679Analyzed
1v1 RM · 2d ago on Oct 1, 2026· 73m 54s· 2 players
Game mode
Random Map
Map size
Tiny (2 player)
Population
200
Speed
Normal
Resources
Standard
Victory
Conquest
Starting age
Dark Age
Ending age
Imperial Age
RankedLock teamsTeams togetherTeam positionsShared explorationLock speedFull tech treeHidden civsTurbo modeCheats
Victory
Defeat
🇮🇹 Mongols · Italy
207
+9
🇪🇸 Britons · Spain
56
-9
eduardo.mora.glez
0:48 Loom
11:59 Feudal Age
14:26 Wheelbarrow
13:37 Town Watch
20:14 Double-Bit Axe
27:12 Castle Age
27:19 Padded Archer Armor
27:09 Fletching
27:39 Elite Skirmisher
31:33 Bow Saw
30:55 Crossbowman
34:07 Hand Cart
34:12 Gold Mining
36:24 Town Patrol
37:29 Yeomen
39:08 Murder Holes
39:42 Leather Archer Armor
39:23 Bodkin Arrow
40:47 Guard Tower
46:42 Imperial Age
45:14 Ballistics
46:15 Stone Mining
47:01 Gold Shaft Mining
49:01 Two-Man Saw
48:30 Conscription
51:38 Chemistry
50:50 Fortified Wall
50:28 Cranequins
51:01 Horse Collar
53:56 Warwolf
53:40 Arbalester
57:14 Ring Archer Armor
59:56 Elite Longbowman
73:07 Capped Ram
73:07 Heavy Scorpion
inno
0:43 Loom
13:03 Feudal Age
13:25 Horse Collar
14:23 Wheelbarrow
13:48 Double-Bit Axe
21:20 Castle Age
20:00 Gold Mining
20:06 Stone Mining
22:50 Hand Cart
22:56 Pikeman
23:39 Squires
23:56 Bow Saw
23:50 Heavy Plow
24:01 Arson
31:17 Forging
31:08 Scale Mail Armor
31:14 Scale Barding Armor
30:59 Fletching
31:10 Padded Archer Armor
32:11 Husbandry
32:22 Bloodlines
33:53 Gold Shaft Mining
33:57 Stone Shaft Mining
42:09 Imperial Age
41:44 Iron Casting
41:25 Chain Mail Armor
41:31 Chain Barding Armor
41:11 Bodkin Arrow
41:55 Leather Archer Armor
43:58 Masonry
44:09 Ballistics
44:50 Chemistry
43:56 Siege Engineers
46:39 Elite Mangudai
47:28 Nomads
47:35 Heavy Camel Rider
47:37 Cavalier
48:26 Town Watch
50:59 Conscription
51:08 Drill
51:59 Elite Steppe Lancer
58:37 Blast Furnace
58:08 Plate Mail Armor
57:38 Bracer
58:28 Murder Holes
58:44 Fortified Wall
58:28 Guard Tower
62:47 Capped Ram
70:45 Spies/Treason
Connection lost

Rejoining the realm…

Still unreachable

The connection could not be restored.

Session expired

The server has moved on; the page needs a fresh start.